 Dungeon Crawl Stone Soup version 0.30-a0-25-gacc37e2db0 (webtiles) character file.

Game seed: 12182325072588953894

336 Ijustatesigmund the Digger (level 6, -7/36 HPs)
             Began as a Gargoyle Earth Elementalist on Aug 25, 2022.
             Killed from afar by a centaur (10 damage)
             ... with an iceblast
             ... on level 5 of the Dungeon.
             The game lasted 00:10:27 (3996 turns).

Ijustatesigmund the Digger (GrEE)                   Turns: 3996, Time: 00:10:29

Health: -7/36      AC:  6    Str: 11    XL:     6   Next: 54%
Magic:  1/11       EV: 11    Int: 18    God:
Gold:   179        SH:  0    Dex: 10    Spells: 5/11 levels left

rFire   . . .      SeeInvis .    h - +0 morningstar
rCold   . . .      Faith    .    (no shield)
rNeg    + . .      Spirit   .    a - +0 robe
rPois   ∞          Reflect  .    (no helmet)
rElec   +          Harm     .    (no cloak)
rCorr   .          Rampage  .    (no gloves)
Will    .....                    (no boots)
Stlth   ++........               g - amulet of magic regeneration
HPRegen 0.12/turn                (no ring)
MPRegen 0.52/turn                (no ring)

@: hasted, very quick
A: sickness immunity, AC +4, negative energy resistance 1, electricity
resistance, torment resistance 1, petrification resistance
a: no special abilities


You were on level 5 of the Dungeon.
You visited 1 branch of the dungeon, and saw 5 of its levels.

You collected 264 gold pieces.
You spent 85 gold pieces at shops.

Inventory:

Hand Weapons
 h - a +0 morningstar (weapon)
Armour
 a - a +0 robe (worn)
Jewellery
 g - an amulet of magic regeneration (around neck)
Scrolls
 c - 3 scrolls of teleportation
 d - a scroll of poison
 f - a scroll of immolation
Potions
 b - a potion of magic
 e - 2 potions of curing
 i - a potion of resistance
 j - 2 potions of brilliance
 k - a potion of cancellation
 l - a potion of flight {unknown}
 n - a potion of berserk rage {unknown}


   Skills:
 + Level 2.8 Fighting
 + Level 2.5 Maces & Flails
 - Level 1.5 Dodging
 - Level 2.1 Stealth
 - Level 3.3 Spellcasting
 + Level 3.5 Conjurations
 - Level 0.7 Transmutations
 - Level 4.3 Earth Magic


You had 5 spell levels left.
You knew the following spells:

 Your Spells              Type           Power      Damage    Failure   Level
a - Sandblast             Erth           36%        2d10      2%          1
b - Stone Arrow           Conj/Erth      34%        3d9       10%         3
c - Passwall              Tmut/Erth      10%        N/A       9%          2

Your spell library contained the following spells:

 Spells                   Type           Power      Damage    Failure   Level
 Beastly Appendage        Tmut           10%        N/A       12%         1
 Slow                     Hex            12%        N/A       16%         1
 Wereblood                Tmut           5%         N/A       19%         2
 Spider Form              Tmut/Pois      4%         N/A       38%         3
 Confusing Touch          Hex            3%         N/A       43%         3
 Vampiric Draining        Necr           3%         2d6       43%         3
 Petrify                  Tmut/Erth      12%        N/A       50%         4


Dungeon Overview and Level Annotations

Branches:
Dungeon (5/15)
 Temple: D:4-7

Altars:
Uskayaw

Shops:
D:1 ![!=[

Annotations:
D:3 2 transporters


Innate Abilities, Weirdness & Mutations

You are immune to sickness and miasma.
Your stone body is resilient. (AC +4)
You are immune to poison.
You resist negative energy. (rN+)
You are resistant to electric shocks. (rElec)
You are resistant to unholy torment.
You are immune to petrification.


Message History

Aiming: Stone Arrow (quite dangerous; 10% risk of failure)
Press: ? - help, Shift-Dir - straight line, f/p - centaur
Aim: a centaur, wielding a +0 shortbow and carrying a wand of iceblast (5) (almost dead, 81% to hit)
The stone arrow hits the black bear!
The black bear is heavily wounded.
The black bear barely misses you.
The black bear claws you but does no damage.
The black bear claws you.
* * * LOW HITPOINT WARNING * * *
Casting: Stone Arrow (quite dangerous; 10% risk of failure)
Confirm with . or Enter, or press ? or * to list all spells.
The spell is quite dangerous to miscast (10% risk of failure)!
Continue anyway?
Aiming: Stone Arrow (quite dangerous; 10% risk of failure)
Press: ? - help, Shift-Dir - straight line, f - black bear, p - centaur
Aim: a black bear (heavily wounded, 77% to hit)
The stone arrow hits the black bear!
The black bear is almost dead.
The black bear completely misses you.
The black bear claws you but does no damage.
The black bear claws you.
* * * LOW HITPOINT WARNING * * *
It was a potion of haste.
You feel yourself speed up.
The black bear bites you but does no damage.
The black bear claws you.
* * * LOW HITPOINT WARNING * * *
The black bear claws you but does no damage.
The black bear goes berserk!
Casting: Stone Arrow (quite dangerous; 10% risk of failure)
Confirm with . or Enter, or press ? or * to list all spells.
You don't have enough magic to cast this spell.
Unknown command.
Casting: Stone Arrow (quite dangerous; 10% risk of failure)
Confirm with . or Enter, or press ? or * to list all spells.
Aiming: Sandblast (safe; 2% risk of failure)
Press: ? - help, Shift-Dir - straight line, f/p - black bear
Aim: a black bear (almost dead, berserk, 87% to hit)
The blast of sand hits the black bear!
You kill the black bear!
The centaur zaps a wand.
The mass of ice explodes!
The iceblast engulfs you!
You die...

##.# #._.#. ...###..####
......# #....>......
....... ###########.
..8.... #.......#.
8...8.. #.#####.#.
....... #.# #.#.
.....8c#########.#####.#.
........@..............#.
8...8..#.#######.#######.
..8......# #......)..
.......### ##########
.######


You could see a centaur.

Vanquished Creatures
  A black bear (D:5)
  An orc priest (D:5)
  A hound (D:5)
  A jelly (D:5)
  2 orc wizards
  3 iguanas (D:4)
  3 adders
  An ufetubus (D:5)
  2 worms
  3 dart slugs
  7 orcs
  4 ball pythons
  5 endoplasms
  4 giant cockroaches
  4 goblins
  4 hobgoblins
  7 jackals
  6 kobolds
  4 quokkas
  6 bats
  A frilled lizard (D:1)
  6 rats
76 creatures vanquished.

Notes
Turn   | Place    | Note
-------+----------+-------------------------------------------
     0 | D:1      | Ijustatesigmund the Gargoyle Earth Elementalist began the
                  | quest for the Orb.
     0 | D:1      | Reached XP level 1. HP: 10/10 MP: 3/3
   316 | D:1      | Found Qiech's Distillery.
   337 | D:1      | Reached skill level 4 in Earth Magic
   337 | D:1      | Reached XP level 2. HP: 15/15 MP: 3/5
   820 | D:1      | Found Qibrol's Jewellery Emporium.
   859 | D:1      | Found Jacexy's Antique Armour Boutique.
  1135 | D:1      | Found Jughui's Antique Armour Boutique.
  1136 | D:1      | Found Besum's Distillery.
  1190 | D:1      | Reached XP level 3. HP: 19/19 MP: 4/6
  1194 | D:1      | Learned a level 3 spell: Stone Arrow
  1197 | D:1      | Learned a level 2 spell: Passwall
  1463 | D:1      | Bought a heavily jewelled robe for 85 gold pieces
  1463 | D:1      | Identified the +0 robe of Okawaru's Hatred {Rampage rCorr}
                  | (You bought it in a shop on level 1 of the Dungeon)
  1810 | D:2      | Reached skill level 1 in Conjurations
  2187 | D:2      | Reached XP level 4. HP: 24/24 MP: 6/8
  2372 | D:3      | Found a transporter.
  2377 | D:3      | Found a transporter.
  2429 | D:3      | Found a faded altar of an unknown god.
  2891 | D:4      | Reached skill level 1 in Fighting
  2891 | D:4      | Reached XP level 5. HP: 29/29 MP: 3/10
  3046 | D:4      | Reached skill level 1 in Maces & Flails
  3598 | D:4      | Noticed an ogre
  3627 | D:5      | Entered Level 5 of the Dungeon
  3654 | D:5      | Reached XP level 6. HP: 35/35 MP: 9/11
  3987 | D:5      | Found a hide-covered altar of Uskayaw.
  3987 | D:5      | Noticed a black bear
  3996 | D:5      | Killed a black bear
  3996 | D:5      | Killed from afar by a centaur

Illustrated notes

Levels and vault maps discovered:
D:1:      dpeg_arrival_arbitrary_b, layout_basic, serial_shops, shop,
          nicolae_shop_stone, nicolae_shop_stone, shop, shop
D:2:      layout_rooms, serial_forest, infiniplex_forest_lined_ring,
          infiniplex_forest_lined_room_2, infiniplex_forest_straight_1,
          infiniplex_forest_lined_2, infiniplex_forest_straight_2,
          minmay_misc_feat_cross
D:3:      gammafunk_wand_slinger, layout_loops_ring,
          shapermc_ecumenical_altar_notcrosses
D:4:      layout_cave_pools, st_stairs_13
D:5:      layout_basic, nicolae_uskayaw_dance_hall

Skill      XL: |  1  2  3  4  5 |
---------------+----------------+-----
Earth Magic    | 4 |  4.3
Conjurations   | 1 2 3 |  3.5
Spellcasting   | 3 |  3.3
Fighting       | 1 2 |  2.8
Maces & Flails | 2 |  2.5
Dodging        | |  1.5
Stealth        | |  2.1
Transmutations | |  0.7

Action                   |  1- 3 |  4- 6 || total
-------------------------+-------+-------++-------
Melee: Club              |     2 |     6 ||     8
       Flail             |       |    17 ||    17
 Cast: Sandblast         |    50 |    58 ||   108
       Stone Arrow       |       |    16 ||    16
  Use: Scroll            |     9 |     3 ||    12
       Potion            |       |     5 ||     5
Armor: Robe              |     4 |    24 ||    28
Dodge: Dodged            |     8 |    41 ||    49

Table legend: (Time is in decaauts)
 A = Elapsed time spent in this place.
 B = Non-inter-level travel time spent in this place.
 C = Inter-level travel time spent in this place.
 D = Time resting spent in this place.
 E = Time spent auto-exploring this place.
 F = Levels seen in this place.
 G = Mean time per level.
                   A        B        C        D        E       F      G
               +--------+--------+--------+--------+--------+-----+--------+
         Total |   4057 |   3837 |    220 |    463 |   2861 |   5 |  811.4 |
       Dungeon |   4057 |   3837 |    220 |    463 |   2861 |   5 |  811.4 |
               +--------+--------+--------+--------+--------+-----+--------+

Top non-repeatable levels by time:
     D:1: 1464 daAuts
     D:2: 764 daAuts
     D:4: 753 daAuts
     D:3: 700 daAuts
     D:5: 374 daAuts
